 Dungeon Crawl Stone Soup version 0.31-a0-133-gaae73658be (webtiles) character file.

Game seed: 751245426441437722

105408 givingup the Spry (level 16, 122/122 HPs)
             Began as an Octopode Summoner on June 2, 2023.
             Was an Initiate of Gozag.
             Quit the game on level 15 of the Dungeon.
             The game lasted 02:25:01 (27213 turns).

givingup the Spry (Octopode Summoner)              Turns: 27213, Time: 02:25:02

Health: 122/122    AC:  7    Str:  9    XL:     16   Next: 41%
Magic:  39/39      EV: 21    Int: 57    God:    Gozag
Gold:   2212       SH:  0    Dex: 14    Spells: 1/36 levels left

rFire   . . .        R - staff of air "Miulod" {rElec Int+4 Dex+2}
rCold   . . .        (no shield)
rNeg    . . .        M - +2 hat {Will+}
rPois   +            C - amulet of Mideinun {RegenMP *Corrode rPois Regen+ Int+3}
rElec   +            k - +6 ring of intelligence
rCorr   +            L - ring of wizardry
SInv    +            G - +4 ring of protection
Will    +++..        I - ring "Gegiw" {MP+9 Int+6}
Stlth   ++++         S - +6 ring of intelligence
HPRegen 1.20/turn    a - ring "Unonwaon" {Will+ rCorr Int+3 SInv}
MPRegen 0.66/turn    P - +4 ring of slaying
                     p - ring of Aptiokhu {rPois rCorr Int+5}

%: corrode self (3%), wizardry (x1)
@: no status effects
A: almost no armour, amphibious, 8 rings, camouflage 1, gelatinous body 1,
nimble swimmer 1, tentacles
a: Renounce Religion, Potion Petition, Call Merchant, Bribe Branch


You were on level 15 of the Dungeon.
You worshipped Gozag.
Gozag was most pleased with you.
You visited 4 branches of the dungeon, and saw 23 of its levels.
You also visited: Gauntlet.

You collected 10374 gold pieces.
You spent 2945 gold pieces at shops.
You paid 5217 gold pieces to Gozag.

Inventory:

Hand Weapons
 b - a +4 dagger of venom
Armour
 M - a +2 hat of willpower (worn)
Magical Staves
 K - the staff of conjuration "Puiwudogh" {+Blink rF+}
   (You found it in a Gauntlet)

   [staff of conjuration]

   Base accuracy: +5 Base damage: 5 Base attack delay: 1.2 This weapon's minimum
   attack delay (0.6) is reached at skill level 12.
   rF:        It protects you from fire.
   +Blink:    It lets you blink.
   It falls into the 'Staves' category.
   It is a one-tentacled weapon.
 R - the staff of air "Miulod" (weapon) {rElec Int+4 Dex+2}
   (You found it on level 10 of the Dungeon)

   [staff of air]

   Base accuracy: +5 Base damage: 5 Base attack delay: 1.2 This weapon's minimum
   attack delay (0.6) is reached at skill level 12.
   Int:       It affects your intelligence (+4).
   Dex:       It affects your dexterity (+2).
   rElec:     It insulates you from electricity.
   It falls into the 'Staves' category.
   It is a one-tentacled weapon.
Jewellery
 a - the ring "Unonwaon" (on tentacle) {Will+ rCorr Int+3 SInv}
   (You found it in a Gauntlet)

   [ring of see invisible]

   Int:       It affects your intelligence (+3).
   SInv:      It lets you see invisible.
   rCorr:     It protects you from acid and corrosion.
   Will:      It increases your willpower.
 k - a +6 ring of intelligence (left tentacle)
 p - the ring of Aptiokhu (on tentacle) {rPois rCorr Int+5}
   (You bought it in a shop on level 2 of the Orcish Mines)

   [ring of resist corrosion]

   Int:       It affects your intelligence (+5).
   rPois:     It protects you from poison.
   rCorr:     It protects you from acid and corrosion.
 u - a ring of positive energy
 C - the amulet of Mideinun (around mantle) {RegenMP *Corrode rPois Regen+ Int+3}
   (You bought it in a shop on level 1 of the Lair of Beasts)

   [amulet of magic regeneration]

   It increases your rate of magic regeneration.
   Int:       It affects your intelligence (+3).
   rPois:     It protects you from poison.
   Regen:     It increases your rate of health regeneration.
   *Corrode:  It may corrode you when you take damage.
 E - a ring of fire
 G - a +4 ring of protection (on tentacle)
 I - the ring "Gegiw" (on tentacle) {MP+9 Int+6}
   (You bought it in a shop on level 2 of the Orcish Mines)

   [ring of intelligence]

   Int:       It affects your intelligence (+6).
   MP:        It affects your magic capacity (+9).
 L - a ring of wizardry (right tentacle)
 P - a +4 ring of slaying (on tentacle)
 S - a +6 ring of intelligence (on tentacle)
 V - the ring of the Madman {Str-2 Int+2 Dex+3 SInv}
   (You bought it in a shop on level 10 of the Dungeon)

   [ring of see invisible]

   Str:       It affects your strength (-2).
   Int:       It affects your intelligence (+2).
   Dex:       It affects your dexterity (+3).
   SInv:      It lets you see invisible.
Wands
 v - a wand of polymorph (6)
 y - a wand of flame (15)
 z - a wand of paralysis (9)
 Q - a wand of digging (10)
 U - a wand of mindburst (8)
 X - a wand of iceblast (4)
Scrolls
 d - 8 scrolls of fog
 e - 3 scrolls of fear
 f - a scroll of amnesia
 g - 4 scrolls of teleportation
 i - 3 scrolls of enchant weapon
 m - a scroll of summoning
 n - 7 scrolls of poison
 q - a scroll of silence
 s - 2 scrolls of immolation
 w - 2 scrolls of torment
 A - 2 scrolls of noise
 J - 4 scrolls of enchant armour
 O - a scroll of blinking
 W - 3 scrolls of identify
 Y - a scroll of magic mapping
Potions
 c - 4 potions of magic
 h - 7 potions of heal wounds
 j - 2 potions of mutation
 l - 2 potions of haste
 o - 2 potions of invisibility
 r - 10 potions of curing
 t - 5 potions of resistance
 x - 3 potions of lignification
 B - a potion of berserk rage
 F - 5 potions of enlightenment
 H - 2 potions of cancellation
 T - a potion of might
Miscellaneous
 N - a phantom mirror
 Z - a lightning rod (4/4)


   Skills:
 - Level 15.0 Fighting
 + Level 15.6 Dodging
 - Level 2.6 Stealth
 * Level 10.5 Spellcasting
 - Level 3.0 Hexes
 - Level 15.0 Summonings
 * Level 3.5 Necromancy
 - Level 6.3 Air Magic


You had one spell level left.
You knew the following spells:

 Your Spells              Type           Power      Damage    Failure   Level
a - Summon Cactus Giant   Summ           58%        N/A       1%          6
c - Call Canine Familiar  Summ           100%       N/A       0%          3
d - Haunt                 Necr/Summ      47%        N/A       4%          7
p - Passwall              Tmut/Erth      25%        N/A       1%          2
t - Tukima's Dance        Hex            59%        N/A       1%          3
x - Monstrous Menagerie   Summ           58%        N/A       1%          7
z - Summon Lightning Spi  Summ/Air       100%       N/A       1%          4
G - Summon Guardian Gole  Hex/Summ       93%        N/A       1%          3

Your spell library contained the following spells:

 Spells                   Type           Power      Damage    Failure   Level
 Summon Small Mammal      Summ           100%       N/A       0%          1
 Apportation              Tloc           60%        N/A       1%          1
 Foxfire                  Conj/Fire      100%       2x1d9     1%          1
 Magic Dart               Conj           100%       1d8       1%          1
 Sandblast                Erth           60%        2d14      1%          1
 Call Imp                 Summ           100%       N/A       0%          2
 Cigotuvi's Dreadful Rot  Necr/Pois/Air  100%       N/A       1%          2
 Scorch                   Fire           60%        2d8       1%          2
 Searing Ray              Conj           60%        2d6       1%          2
 Sublimation of Blood     Necr           63%        N/A       1%          2
 Wereblood                Tmut           30%        N/A       1%          2
 Ignite Poison            Fire/Tmut/Pois 30%        N/A       1%          3
 Portal Projectile        Hex/Tloc       94%        N/A       1%          3
 Stone Arrow              Conj/Erth      60%        3d10      1%          3
 Volatile Blastmotes      Fire/Tloc      60%        2d15      1%          3
 Fulminant Prism          Conj/Hex       23%        3d12      1%          4
 Summon Hydra             Summ           58%        N/A       1%          7
 Flame Wave               Conj/Fire      30%        2d9       2%          4
 Iskenderun's Mystic Bla  Conj/Tloc      30%        2d8       2%          4
 Manifold Assault         Tloc           30%        N/A       2%          4
 Olgreb's Toxic Radiance  Pois           30%        N/A       2%          4
 Freezing Cloud           Conj/Ice/Air   34%        6-21      2%          5
 Summon Horrible Things   Summ           58%        N/A       3%          8
 Alistair's Intoxication  Tmut/Pois      20%        N/A       6%          5
 Blade Hands              Tmut           15%        N/A       6%          5
 Conjure Ball Lightning   Conj/Air       39%        3x3d13    9%          6
 Spellforged Servitor     Conj/Summ      43%        N/A       9%          7
 Discord                  Hex            29%        N/A       98%         8
 Disjunction              Tloc           15%        N/A       100%        8
 Ignition                 Fire           15%        3d6       100%        8


Dungeon Overview and Level Annotations

Branches:
Dungeon (15/15)            Temple (1/1) D:5            Lair (5/5) D:8
  Swamp (0/4) Lair:2       Spider (0/4) Lair:2        Slime (0/5) Lair:5
    Orc (2/2) D:9             Elf (0/3) Orc:2        Vaults (0/5) D:14
 Depths (0/4) D:15        Gauntlet (visited)

Altars:
Ashenzari
Cheibriados
Dithmenos
Elyvilon
Fedhas
Gozag
Hepliaklqana
Kikubaaqudgha
Makhleb
Nemelex Xobeh
Okawaru
Qazlal
Ru
Sif Muna
Trog
Uskayaw
Vehumet
Wu Jian
Xom
Yredelemnul
Zin
The Shining One
Jiyva

Shops:
D:10 *=   D:12 ?   Orc:2 (=?**   Lair:1 =   Lair:2 ?   Lair:3 ?   Lair:5 *


Innate Abilities, Weirdness & Mutations

You cannot wear most types of armour.
You are amphibious.
You can wear up to eight rings at the same time.
Your skin changes colour to match your surroundings (Stealth+).
Your rubbery body absorbs attacks. (AC +1, EV +1)
You are camouflaged when in or above water. (Stealth+)
You have tentacles for arms and can constrict up to eight enemies at once.


Message History

Your lindwurm claws the tengu warrior.
Your wraith completely misses the tengu warrior.
The tengu warrior shoots an arrow.
The arrow hits your lindwurm!
Your lindwurm bites the tengu warrior.
Your lindwurm barely misses the tengu warrior.
Your lindwurm claws the tengu warrior.
Your wraith hits the tengu warrior!
Your wraith drains the tengu warrior's vigour!
The tengu warrior seems to slow down.
The tengu warrior shoots an arrow.
The arrow hits your lindwurm.
Your lindwurm misses the tengu warrior.
Your lindwurm barely misses the tengu warrior.
Your lindwurm claws the tengu warrior.
Your wraith misses the tengu warrior.
The tengu warrior unwields a +0 longbow.
The tengu warrior hits your lindwurm but does no damage.
The tengu warrior barely misses your lindwurm.
The tengu warrior claws your lindwurm but does no damage.
Your lindwurm closely misses the tengu warrior. x2
Your lindwurm completely misses the tengu warrior.
Your wraith barely misses the tengu warrior.
Your lindwurm breathes flames at the tengu warrior.
The blast of flame hits the tengu warrior!!!
The tengu warrior dies!
Your freezing wraith disappears in a puff of smoke!
Your wraith disappears in a puff of smoke!
Your wraith disappears in a puff of smoke!
You swap places.
There is an open door here.
You now have 2212 gold pieces (gained 5).
You see here a +0 longbow.
There is an open door here.
You enter the shallow water.
You enter the shallow water.
Your lindwurm disappears in a puff of smoke!
You enter the shallow water.
You enter the shallow water.
You open the door.
There is an open door here.
You enter the shallow water.
Done exploring.
Are you sure you want to abandon this character and quit the game? (Confirm with "yes".)

#.~.≈≈≈~~))≈# #.###.#............
#.~.~~.....## #.....###.#########
#.#.~~.~~~.#####<..........#....#
#...................###.##.#.#.##
.##.#~.~##...................#..#
..#.##...................#.#.##.#
..#.#######...#########..#.#....#
#<#.......'...'......##..#.#.#..#
#.#..######...##@~~#.##..#.#.#..#
#.#..# #...#≈≈≈≈#.......#.#..#
#.#..# ####≈≈≈≈≈#..)....#.....
~.#..# ######≈≈≈≈#.......######
~.#..#####~~####~~~#.........[...
~.~..#....................#######
~.~................#......#
~.≈~.#.~~≈≈~~~~#..........#######
~.~~.~.#~≈≈~≈≈##.#.#.............


There were no monsters in sight!

Vanquished Creatures
  An unseen horror (D:13)
  A blink frog (Lair:1)
  A yak (Lair:5)
  A warg (Orc:2)
  An ogre (D:14)
  A nameless horror (D:15)
  3 electric eels (D:15)
  A howler monkey (D:9)
  An orc priest (Orc:2)
  A hell rat (Lair:4)
  A gnoll (D:5)
  An orc (Orc:1)
  4 bats
  2 endoplasms
  5 goblins
  2 hobgoblins
  2 kobolds
  A quokka (D:2)
  4 ball pythons
  3 frilled lizards
  3 rats
40 creatures vanquished.

Vanquished Creatures (collateral kills)
  Gastronok (Lair:1)
  Kirke (Lair:3)
  A frost giant (D:15)
  A minotaur (Gauntlet)
  Snorg (D:10)
  A green death (Gauntlet)
  A hell beast (Gauntlet)
  A fire dragon (D:15)
  6 hydras
  7 centaur warriors
  Erica (Orc:1)
  An ogre mage (D:14)
  5 catoblepae
  A death knight (D:14)
  5 two-headed ogres
  2 boulder beetles
  4 tengu warriors
  25 death yaks
  8 orc high priests (Orc:2)
  Urug (Lair:2)
  Nergalle (Lair:1)
  5 skeletal warriors
  Lodul (D:10)
  A skyshark (Lair:1)
  A lindwurm (Lair:4)
  An orc knight (D:15)
  An orc sorcerer (Orc:2)
  An ugly thing (D:10)
  4 manticores
  An oklob plant (Lair:5)
  6 cyclopes
  Maurice (D:8)
  An elephant (shapeshifter) (D:15)
  5 black mambas
  An orange demon (Gauntlet)
  A gargoyle (D:13)
  3 centaur skeletons (D:14)
  3 unseen horrors
  3 rime drakes
  4 nameless horrors
  4 komodo dragons
  A freezing wraith (D:14)
  A rime drake (shapeshifter) (D:14)
  10 cane toads
  2 kobold demonologists
  A tengu conjurer (D:13)
  2 trolls
  A wind drake (shapeshifter) (D:13)
  Prince Ribbit (D:8)
  A hornet (D:8)
  2 blink frogs (Lair:1)
  7 dream sheep (Lair:3)
  Sigmund (D:4)
  7 slime creatures
  Grum (D:10)
  2 vampires
  3 wyverns
  2 fire elementals (Lair:3)
  2 water elementals (D:15)
  3 wraiths
  6 hogs (Lair:3)
  61 yaks
  2 basilisks (Lair:4)
  3 steam dragons
  8 vampire mosquitoes
  11 water moccasins
  4 wargs
  Duvessa (D:6)
  2 acid dragons
  A hell hound (Gauntlet)
  13 orc warriors
  A black bear (D:5)
  8 ogres
  10 wolves
  22 centaurs
  A phantom (D:6)
  6 kobold brigands
  6 bullfrogs
  A scorpion (D:6)
  2 gnoll sergeants
  13 wights
  A hornet simulacrum (D:14)
  Dowan (D:6)
  17 killer bees
  9 howler monkeys
  3 jellies
  5 hounds
  38 orc priests
  An iguana (D:5)
  2 sleepcaps
  15 orc wizards
  6 hell rats (Lair:4)
  A boggart skeleton (D:14)
  Robin (D:4)
  13 gnolls
  6 adders
  2 white imps
  An ufetubus (D:5)
  A worm (D:2)
  A dart slug (D:2)
  84 orcs
  5 endoplasms
  10 goblins
  7 hobgoblins
  3 jackals (D:2)
  35 kobolds
  A quokka (D:4)
  5 ball pythons
  2 bats
  2 frilled lizards
  A rat (D:1)
634 creatures vanquished.

Vanquished Creatures (others)
  A fire dragon (Lair:3)
  A centaur warrior (D:13)
  4 death yaks
  A skyshark (Lair:4)
  A wizard (D:7)
  A torpor snail (Lair:1)
  2 cane toads
  Maggie (D:6)
  2 komodo dragons
  A troll (Orc:1)
  23 yaks
  2 wyverns
  6 dancing weapons
  A basilisk (Lair:1)
  2 orc warriors
  5 water moccasins
  Blork the orc (D:4)
  A bullfrog (Lair:2)
  A scorpion (D:5)
  3 wights
  6 killer bees (D:8)
  2 gnoll boudas
  An orc priest (D:7)
  4 iguanas
  11 gnolls
  7 orcs
91 creatures vanquished.

Grand Total: 765 creatures vanquished

Notes
Turn   | Place    | Note
-------+----------+-------------------------------------------
     0 | D:1      | givingup the Octopode Summoner began the quest for the Orb.
     0 | D:1      | Reached XP level 1. HP: 11/11 MP: 3/3
   259 | D:1      | Found a faded altar of an unknown god.
   304 | D:1      | Reached XP level 2. HP: 14/17 MP: 1/5
   307 | D:1      | Learned a level 2 spell: Call Imp
  1225 | D:2      | Reached XP level 3. HP: 21/21 MP: 3/6
  1229 | D:2      | Learned a level 3 spell: Call Canine Familiar
  1607 | D:2      | Reached XP level 4. HP: 27/27 MP: 8/8
  1611 | D:2      | Learned a level 3 spell: Summon Guardian Golem
  2870 | D:4      | Reached skill level 5 in Summonings
  2921 | D:4      | Noticed Robin
  3168 | D:4      | Reached skill level 1 in Hexes
  3171 | D:4      | Reached XP level 5. HP: 29/31 MP: 10/10
  3206 | D:4      | Killed Robin
  3521 | D:4      | Noticed Blork the orc
  3538 | D:4      | Killed Blork the orc
  3539 | D:4      | Reached XP level 6. HP: 28/36 MP: 5/11
  3604 | D:4      | Found a hide-covered altar of Uskayaw.
  3650 | D:4      | Found a basalt altar of Yredelemnul.
  3650 | D:4      | Found a stormy altar of Qazlal.
  3706 | D:4      | Noticed Sigmund
  3794 | D:4      | Killed Sigmund
  3891 | D:4      | Found a snail-covered altar of Cheibriados.
  3893 | D:4      | Found a shimmering altar of Xom.
  3893 | D:4      | Found a shimmering altar of Xom.
  3895 | D:4      | Found a shimmering altar of Xom.
  3895 | D:4      | Found a basalt altar of Yredelemnul.
  3895 | D:4      | Found a hide-covered altar of Uskayaw.
  3945 | D:4      | Learned a level 4 spell: Summon Lightning Spire
  3946 | D:5      | Entered Level 5 of the Dungeon
  4159 | D:5      | Reached XP level 7. HP: 34/41 MP: 9/13
  4283 | D:5      | Reached skill level 1 in Air Magic
  4356 | D:5      | Found a staircase to the Ecumenical Temple.
  4365 | Temple   | Entered the Ecumenical Temple
  4395 | Temple   | Became a worshipper of Gozag Ym Sagoz the Greedy
  4871 | D:5      | Reached skill level 5 in Spellcasting
  5075 | D:5      | Reached XP level 8. HP: 46/46 MP: 15/15
  5887 | D:6      | Noticed Duvessa
  5913 | D:6      | Noticed Maggie
  5947 | D:6      | Found a snail-covered altar of Cheibriados.
  6274 | D:6      | Noticed Dowan
  6276 | D:6      | Killed Dowan
  6279 | D:6      | Killed Duvessa
  6444 | D:6      | Found a broken altar of Ashenzari.
  6918 | D:6      | Killed Maggie
  6919 | D:6      | Reached skill level 5 in Air Magic
  6919 | D:6      | Reached XP level 9. HP: 31/51 MP: 5/18
  7246 | D:7      | Found a bloodstained altar of Trog.
  7246 | D:7      | Identified the +0 robe "Yverr" {rElec Slay+2}
  7248 | D:7      | Noticed a wizard
  7252 | D:7      | Killed a wizard
  8633 | D:8      | Identified a scroll of acquirement
  8634 | D:8      | Acquired the Almanac of the Voyage and Convocation
  8659 | D:8      | Noticed Maurice
  8753 | D:8      | Reached skill level 1 in Fighting
  8780 | D:8      | Reached XP level 10. HP: 56/58 MP: 16/21
  8908 | D:8      | Killed Maurice
  9023 | D:8      | Noticed Prince Ribbit
  9030 | D:8      | Killed Prince Ribbit
  9131 | D:8      | Reached skill level 10 in Summonings
  9574 | D:8      | Found a shimmering blue altar of Sif Muna.
  9605 | D:8      | Found a staircase to the Lair.
  9662 | Lair:1   | Entered Level 1 of the Lair of Beasts
  9665 | Lair:1   | Bought the amulet of Mideinun {RegenMP *Corrode rPois
                  | Regen+ Int+3} for 586 gold pieces
  9725 | Lair:1   | Noticed a cane toad
  9741 | Lair:1   | Killed a cane toad
  9943 | Lair:1   | Reached XP level 11. HP: 69/69 MP: 20/23
  9946 | Lair:1   | Reached skill level 5 in Dodging
 10109 | Lair:1   | Noticed Gastronok
 10122 | Lair:1   | Killed Gastronok
 10189 | Lair:1   | Noticed Nergalle
 10201 | Lair:1   | Reached skill level 5 in Fighting
 10219 | Lair:1   | Killed Nergalle
 10333 | Lair:1   | Noticed a skyshark
 10345 | Lair:1   | Killed a skyshark
 11102 | Lair:2   | Found a hole to the Spider Nest.
 11181 | Lair:2   | Reached XP level 12. HP: 78/78 MP: 25/25
 11184 | Lair:2   | Noticed a death yak
 11188 | Lair:2   | Noticed a death yak
 11188 | Lair:2   | Noticed a death yak
 11192 | Lair:2   | Noticed a death yak
 11196 | Lair:2   | Killed a death yak
 11197 | Lair:2   | Noticed a death yak
 11209 | Lair:2   | Noticed a death yak
 11227 | Lair:2   | Killed a death yak
 11238 | Lair:2   | Killed a death yak
 11273 | Lair:2   | Killed a death yak
 11274 | Lair:2   | Killed a death yak
 11276 | Lair:2   | Killed a death yak
 11407 | Lair:2   | Found a staircase to the Swamp.
 11934 | Lair:2   | Noticed Urug
 11944 | Lair:2   | Killed Urug
 12361 | Lair:3   | Noticed Kirke
 12419 | Lair:3   | Bought a scroll of identify for 22 gold pieces
 12537 | Lair:3   | Reached skill level 10 in Spellcasting
 12694 | Lair:3   | You fall into a shaft and drop 2 floors!
 12694 | Lair:5   | Entered Level 5 of the Lair of Beasts
 12694 | Lair:5   | Found a staircase to the Slime Pits.
 12694 | Lair:5   | Found a viscous altar of Jiyva.
 12731 | Lair:5   | Noticed a death yak
 12737 | Lair:5   | Learned a level 2 spell: Passwall
 12746 | Lair:5   | Noticed a death yak
 12749 | Lair:5   | Killed a death yak
 12751 | Lair:5   | Noticed a death yak
 12758 | Lair:5   | Killed a death yak
 12759 | Lair:5   | Killed a death yak
 12763 | Lair:5   | Noticed a death yak
 12773 | Lair:5   | Killed a death yak
 12774 | Lair:5   | Reached XP level 13. HP: 88/88 MP: 24/27
 12799 | Lair:5   | Learned a level 7 spell: Monstrous Menagerie
 13190 | Lair:4   | Learned a level 3 spell: Tukima's Dance
 13332 | Lair:4   | Acquired 546 gold pieces
 13634 | Lair:3   | Noticed a fire dragon
 13669 | Lair:3   | Killed a fire dragon
 13710 | Lair:3   | Killed Kirke
 13733 | Lair:2   | Bought a scroll of blinking for 105 gold pieces
 13786 | Lair:3   | Got the Octavo of the Petrified Wayfarer
 13903 | Lair:3   | Reached skill level 15 in Summonings
 14372 | Lair:3   | Found Jacag's Magic Scroll Shoppe.
 14759 | Lair:3   | Found Jacag's Magic Scroll Shoppe.
 14971 | Lair:4   | Reached skill level 10 in Dodging
 15274 | Lair:4   | Reached skill level 10 in Fighting
 15292 | Lair:4   | Reached XP level 14. HP: 99/99 MP: 25/28
 17878 | D:9      | Found a glowing golden altar of the Shining One.
 18631 | D:9      | Found a staircase to the Orcish Mines.
 18669 | Orc:1    | Entered Level 1 of the Orcish Mines
 18673 | Orc:1    | Noticed Erica
 18682 | Orc:1    | Killed Erica
 19217 | Orc:2    | Entered Level 2 of the Orcish Mines
 19490 | Orc:2    | Found a staircase to the Elven Halls.
 19495 | Orc:2    | Reached XP level 15. HP: 109/109 MP: 19/29
 20397 | Orc:2    | Found Vuxumiokh's Weapon Shop.
 20397 | Orc:2    | Found Huskiraz's Jewellery Shoppe.
 20503 | Orc:2    | Found Rymoid's Assorted Antiques.
 20503 | Orc:2    | Found Zaoklel's General Store.
 20527 | Orc:2    | Bought a flickering copper ring for 150 gold pieces
 20527 | Orc:2    | Identified the ring of Aptiokhu {rPois rCorr Int+5} (You
                  | bought it in a shop on level 2 of the Orcish Mines)
 20560 | Orc:2    | Bought the ring "Gegiw" {MP+9 Int+6} for 990 gold pieces
 20563 | Orc:2    | Bought a scroll of identify for 34 gold pieces
 20563 | Orc:2    | Bought a scroll of identify for 34 gold pieces
 20596 | Orc:2    | Bought a scroll of identify for 60 gold pieces
 20596 | Orc:2    | Bought a scroll of identify for 60 gold pieces
 20630 | Orc:2    | Bought a ring of wizardry for 480 gold pieces
 20750 | D:10     | Entered Level 10 of the Dungeon
 20783 | D:10     | Found an ornate altar of the Wu Jian Council.
 20815 | D:10     | Noticed Lodul
 20825 | D:10     | Killed Lodul
 21072 | D:10     | Noticed Snorg
 21094 | D:10     | Killed Snorg
 21220 | D:10     | Noticed Grum
 21234 | D:10     | Killed Grum
 21291 | D:10     | Learned a level 6 spell: Summon Cactus Giant
 21294 | D:10     | Identified the staff of air "Miulod" {rElec Int+4 Dex+2}
 21486 | D:10     | Found Peici's General Store.
 21544 | D:10     | Found a hazy altar of Hepliaklqana.
 21544 | D:10     | Found a radiant altar of Vehumet.
 21689 | D:10     | Acquired 623 gold pieces
 21734 | D:10     | Bought the ring of the Madman {Str-2 Int+2 Dex+3 SInv} for
                  | 424 gold pieces
 22009 | D:11     | Found a sacrificial altar of Ru.
 23509 | D:12     | Found The Oracle's Delphic Readings.
 24600 | D:14     | Found a blossoming altar of Fedhas.
 24665 | D:14     | Found a gate leading to a gauntlet.
 24672 | Gauntlet | Entered a Gauntlet
 24672 | Gauntlet | Found a transporter.
 24681 | Gauntlet | Found a transporter.
 24701 | Gauntlet | Found a transporter.
 24705 | Gauntlet | Found a transporter.
 24719 | Gauntlet | Found a transporter.
 24732 | Gauntlet | Found a transporter.
 24733 | Gauntlet | Found a runed translucent door.
 24737 | Gauntlet | Found a transporter.
 24741 | Gauntlet | Found a transporter.
 24745 | Gauntlet | Found a runed translucent door.
 24764 | Gauntlet | Found a transporter.
 24772 | Gauntlet | Found a transporter.
 24772 | Gauntlet | Found a transporter.
 24780 | Gauntlet | Found a transporter.
 24899 | Gauntlet | Identified the ring "Unonwaon" {Will+ rCorr Int+3 SInv}
 24917 | Gauntlet | Identified the +1 helmet of the Arcane {Int+3}
 24936 | Gauntlet | Identified the staff of conjuration "Puiwudogh" {+Blink
                  | rF+}
 25022 | Gauntlet | Found the +4 moon troll leather armour {Spirit, Regen++
                  | MP+5}
 25023 | Gauntlet | Found the +10 Black Knight's barding {ponderous, rPois rN+}
 25028 | Gauntlet | Identified the +1 helmet of Darkness {Rampage +Blink rPois}
 25028 | Gauntlet | Identified the +7 flail "Demonbane" {drain, *Slow Str+3
                  | Stlth+}
 25074 | D:14     | Reached skill level 15 in Dodging
 25074 | D:14     | Reached XP level 16. HP: 120/120 MP: 30/30
 25167 | D:14     | Reached skill level 15 in Fighting
 25377 | D:14     | Found a gate to the Vaults.
 25415 | D:14     | Got the Octavo of Supportive Conflagration
 25469 | D:14     | Reached skill level 1 in Necromancy
 25970 | D:15     | Entered Level 15 of the Dungeon
 26283 | D:15     | Learned a level 7 spell: Haunt
 27096 | D:15     | Found a staircase to the Depths.
 27213 | D:15     | Quit the game

Illustrated notes

Levels and vault maps discovered:
D:1:      dpeg_arrival_three_same_balls, layout_loops_ring,
          hellmonk_ecumenical_altar_slurped_away,
          nicolae_concentric_dashed_squares_mild
D:2:      layout_loops_ring
D:3:      layout_basic, grunt_decor_junction
D:4:      layout_gridville, grunt_temple_overflow_open, doesnt_xom_only_xom,
          uniq_robin, uniq_sigmund, uniq_blork_the_orc
D:5:      layout_loops_cross, minmay_temple_entry_crystal_x, serial_bayou_pond_e
D:6:      layout_cave_pods, cheibriados_altar_1, ashenzari_conservatory_becter,
          corexii_checkpoint_a, corexii_hall_statues_l, uniq_duvessa,
          uniq_maggie
D:7:      layout_loops_corners, trog_wizard
D:8:      layout_cave_pools, led_sif_pool, david_lair_shrubbed,
          uniq_prince_ribbit1, uniq_maurice
D:9:      layout_cave_pools, tso_altar, hiddenorc2_lemuel,
          minmay_misc_feat_hallway, hangedman_decor_peaks_small
D:10:     layout_roguey, mainiacjoe_overflow_tiny_flanked,
          nicolae_overflow_two_pavilions, serial_shops, nicolae_shop_peninsula,
          minmay_mirror_moons_of_madness, uniq_lodul, uniq_grum, uniq_snorg
D:11:     layout_cave_pods, nicolae_ru_awakened_eye
D:12:     layout_gridville, nicolae_nh_oracle_at_delphi
D:13:     layout_cave_pods, kennysheep_generic_room_9
D:14:     layout_loops_ring, hangedman_vaults_entry_quadrant_bands,
          gauntlet_entry_generic, lemuel_round_altar
D:15:     grunt_enter_depths_snipers, layout_basic
Temple:   dpeg_chambers_temple
Lair:1:   layout_cave_pods, st_stairs_9, uniq_nergalle, uniq_gastronok
Lair:2:   layout_layer_cave, swamp_mist, spider_nest_entry_web_field, uniq_urug
Lair:3:   dragon1_lemuel, layout_misc_corridors,
          grunt_forest_small_clearing_treed, uniq_kirke
Lair:4:   layout_cave_pods, serial_bayou_shore_a
Lair:5:   evilmike_catoblepas_cave, layout_cellular_growth, slime_entry_1,
          minmay_lair_oklob_bushes, lemuel_fruit_tree,
          infiniplex_staircase_pool_2
Orc:1:    layout_caves, uniq_erica
Orc:2:    st_orc_town, layout_caves

Skill      XL: |  1  2  3  4  5  6  7  8  9 10 11 12 13 14 15 16 |
---------------+-------------------------------------------------+-----
Spellcasting   | 3 4 5 6 7 8 9 10 | 10.5
Summonings     | 5 6 7 9 10 12 13 15 | 15.0
Hexes          | 1 2 3 |  3.0
Air Magic      | 2 5 6 |  6.3
Fighting       | 1 4 5 7 10 12 14 15 | 15.0
Dodging        | 4 6 8 10 12 15 | 15.6
Necromancy     | 3 |  3.5
Stealth        | |  2.6

Action                     |  1- 3 |  4- 6 |  7- 9 | 10-12 | 13-15 | 16-18 || total
---------------------------+-------+-------+-------+-------+-------+-------++-------
  Melee: Dagger            |       |     4 |       |       |    20 |       ||    24
         Tentacles         |       |     2 |       |       |    19 |     2 ||    23
         Constrict         |       |     1 |       |       |    10 |       ||    11
         Unarmed           |       |       |       |       |     7 |       ||     7
         Punch             |       |       |       |       |     1 |     1 ||     2
         Staff             |       |       |       |       |    24 |     6 ||    30
   Fire: Sling             |    40 |    36 |    20 |     5 |     7 |       ||   108
   Cast: Summon Small Mamm |    14 |       |       |       |       |       ||    14
         Call Imp          |     9 |     7 |    10 |    12 |    13 |       ||    51
         Call Canine Famil |     3 |    20 |    24 |    20 |    46 |     2 ||   115
         Summon Guardian G |       |     6 |    34 |    32 |    34 |     1 ||   107
         Summon Lightning  |       |       |    13 |    40 |   165 |    14 ||   232
         Monstrous Menager |       |       |       |       |    66 |    14 ||    80
         Summon Cactus Gia |       |       |       |       |    12 |     5 ||    17
         Tukima's Dance    |       |       |       |       |    10 |     3 ||    13
         Haunt             |       |       |       |       |       |    13 ||    13
 Invoke: Call Merchant     |       |       |       |     2 |     4 |       ||     6
  Evoke: Wand              |       |       |       |       |       |     6 ||     6
    Use: Scroll            |     1 |     7 |     8 |     6 |    14 |     1 ||    37
         Potion            |       |       |     2 |     1 |     3 |       ||     6
   Stab: Sleeping          |       |       |       |       |     1 |       ||     1
 Armour: Skin              |     8 |     4 |       |       |    22 |     2 ||    36
  Dodge: Dodged            |    14 |    27 |    16 |    27 |   193 |    18 ||   295

Table legend: (Time is in decaauts)
 A = Elapsed time spent in this place.
 B = Non-inter-level travel time spent in this place.
 C = Inter-level travel time spent in this place.
 D = Time resting spent in this place.
 E = Time spent auto-exploring this place.
 F = Levels seen in this place.
 G = Mean time per level.
                   A        B        C        D        E       F      G
               +--------+--------+--------+--------+--------+-----+--------+
         Total |  27267 |  25701 |   1566 |    807 |  17480 |  24 | 1136.1 |
       Dungeon |  16886 |  16045 |    841 |    394 |  11663 |  15 | 1125.7 |
        Temple |    206 |    197 |      9 |      0 |    184 |   1 |  206.0 |
          Lair |   7758 |   7203 |    555 |    270 |   4367 |   5 | 1551.6 |
  Orcish Mines |   2034 |   1873 |    161 |    113 |   1056 |   2 | 1017.0 |
      Gauntlet |    381 |    381 |      0 |     30 |    210 |   1 |  381.0 |
               +--------+--------+--------+--------+--------+-----+--------+

Top non-repeatable levels by time:
  Lair:5: 1951 daAuts
  Lair:2: 1784 daAuts
     D:7: 1614 daAuts
     D:6: 1569 daAuts
  Lair:3: 1542 daAuts
   Orc:2: 1480 daAuts
  Lair:1: 1286 daAuts
     D:9: 1250 daAuts
    D:15: 1244 daAuts
     D:5: 1234 daAuts
     D:4: 1213 daAuts
     D:1: 1203 daAuts
  Lair:4: 1193 daAuts
    D:10: 1174 daAuts
     D:8: 1032 daAuts
